 Dungeon Crawl Stone Soup version 0.31-a0-466-g98c9adc2b6 (webtiles) character file.

Game seed: 1083265522709179494

7993 olmar the Basher (level 11, -10/100 HPs)
             Began as an Armataur Fighter on Aug 4, 2023.
             Was an Initiate of Gozag.
             Killed from afar by Fannar (29 damage)
             ... with a bolt of cold
             ... on level 10 of the Dungeon on Aug 6, 2023.
             The game lasted 00:17:23 (11410 turns).

olmar the Basher (Armataur Fighter)                Turns: 11410, Time: 00:17:23

Health: -10/100    AC:  9    Str: 25    XL:     11   Next: 4%
Magic:  11/11      EV:  8    Int:  9    God:    Gozag
Gold:   433        SH:  5    Dex: 10    Spells: 10/10 levels left

rFire   + . .        B - +2 morningstar (drain)
rCold   . . .        c - +0 buckler
rNeg    . . .        l - +2 ring mail {rF+}
rPois   .            (no helmet)
rElec   .            (no cloak)
rCorr   .            (no gloves)
SInv    .            (no barding)
Will    .....        (no amulet) Stlth
                     (no ring)
HPRegen 0.36/turn    (no ring)
MPRegen 0.12/turn

%: roll
@: gold aura
A: large, rugged brown scales 3, deformed body, armoured tail, roll, long
tongue, awkward tongue
a: Renounce Religion, Potion Petition, Call Merchant, Bribe Branch


You were on level 10 of the Dungeon.
You worshipped Gozag.
Gozag was aware of your devotion.
You visited 2 branches of the dungeon, and saw 11 of its levels.

You collected 638 gold pieces.
You paid 205 gold pieces to Gozag.

Inventory:

Hand Weapons
 a - a +0 flail
 f - a +2 whip of venom
 B - a +2 morningstar of draining (weapon)
Missiles
 j - 25 poisoned darts (quivered)
 q - 9 boomerangs
Armour
 b - a +0 scale mail
 c - a +0 buckler (worn)
 l - a +2 ring mail of fire resistance (worn)
 r - an orb of guile
 C - +0 swamp dragon scales
Jewellery
 k - an amulet of magic regeneration
Wands
 v - a wand of acid (9)
 F - a wand of iceblast (3)
Scrolls
 d - 2 scrolls of identify
 g - a scroll of noise
 i - a scroll of summoning {unknown}
 p - 3 scrolls of vulnerability
 t - a scroll of fog {unknown}
 u - 2 scrolls of immolation {unknown}
 w - a scroll of torment {unknown}
 x - a scroll of fear {unknown}
 y - a scroll of enchant weapon {unknown}
 A - 2 scrolls of amnesia {unknown}
 D - 2 scrolls of blinking {unknown}
 E - a scroll of enchant armour {unknown}
Potions
 e - a potion of cancellation {unknown}
 h - a potion of might
 m - a potion of enlightenment
 n - a potion of brilliance
 o - 5 potions of curing
 s - a potion of attraction
 z - a potion of haste


   Skills:
 + Level 7.8 Fighting
 + Level 11.2 Maces & Flails
 + Level 9.8 Armour
 + Level 6.6 Shields


You had 10 spell levels left.
You didn't know any spells.
Your spell library contained the following spells:

 Spells                   Type           Power      Damage    Failure   Level
 Ensorcelled Hibernation  Hex/Ice        0%         N/A       71%         2
 Frozen Ramparts          Ice            0%         1d1       90%         3
 Ozocubu's Armour         Ice            0%         N/A       90%         3
 Ozocubu's Refrigeration  Ice            0%         4d7       100%        7
 Simulacrum               Ice/Necr       Unusable   N/A       N/A         6

Dungeon Overview and Level Annotations

Branches:
Dungeon (10/15)            Temple (1/1) D:5            Lair (0/5) D:8
    Orc: D:9-12

Altars:
Ashenzari
Cheibriados
Dithmenos
Elyvilon
Fedhas
Gozag
Hepliaklqana
Kikubaaqudgha
Makhleb
Nemelex Xobeh
Okawaru
Qazlal
Ru
Sif Muna
Trog
Uskayaw
Vehumet
Wu Jian
Xom
Yredelemnul
Zin
The Shining One

Annotations:
D:4 2 transporters, bobo's ghost, amateur MfIE
D:6 exclusion: oklob plant
D:10 Fannar


Innate Abilities, Weirdness & Mutations

You are completely covered in rugged brown scales. (AC +3, +7% HP)
Armour fits poorly on your strangely shaped body.
You have a long armoured tail.
You roll when moving toward enemies. (Rampage)
Your long tongue fully drains potion bottles. (2x potion effects)
Your tongue gives you trouble enunciating. (1.5x scroll delay)


Message History

The bolt of cold hits you!!
You hear a bellow!
Unknown command.
You are too injured to fight recklessly!
Unknown command.
You are too injured to fight recklessly!
Unknown command.
You puncture Fannar!
Your tail-slap misses Fannar.
Fannar is severely wounded.
You hear a bellow!
Fannar hits you but does no damage. Fannar freezes you.
Unknown command.
You barely miss Fannar.
Fannar is severely wounded.
Fannar barely misses you.
Unknown command.
You thump Fannar! You drain Fannar.
Fannar is almost dead.
Fannar hits you with a staff of cold. Fannar freezes you!
Unknown command.
You closely miss Fannar.
Your tail-slap misses Fannar.
Fannar is almost dead.
Fannar gestures wildly while chanting.
Fannar blinks!
Unknown command. 3 yaks come into view.
The yak bellows! x2
The yak closely misses you. The yak gores you!
* * * LOW HITPOINT WARNING * * *
You see here 11 gold pieces.
Unknown command.
You barely miss Fannar.
Your tail-slap misses Fannar.
Fannar is almost dead.
The yak gores you!
* * * LOW HITPOINT WARNING * * *
The yak gores you but does no damage. Fannar gestures at you while chanting.
The bolt of cold hits you!!
You die...
Your body crumbles into a pile of gold.

#########.#####.
.#......>#.# $
###.#.###.....# #..
#...###.#[# #.#####.#
#.#.# #...)...# #.#.#
#.#####.# #.#.# #####
#.e.#...# #.#.# #.
......###@#.#####.#.. ..
.....YYYYY#.......####.#
......#########O.......###
..... #........... ....
###.########## Y..
#..O....... .. .Y
#.#.####### #. .
#.#.9..#### #.
#.####.O..###.


You could see Fannar (drained) and 5 yaks.

Vanquished Creatures
  2 two-headed ogres
  Maggie (D:7)
  A gargoyle (D:10)
  2 trolls
  Prince Ribbit (D:7)
  A hornet (D:8)
  A wyvern (D:9)
  7 yaks
  3 vampire mosquitoes (D:9)
  Duvessa (D:7)
  2 sky beasts
  3 orc warriors
  An ice beast (D:6)
  A water moccasin (D:7)
  2 black bears
  2 wolves (D:8)
  4 ogres
  2 centaurs
  A phantom (D:4)
  3 kobold brigands
  2 bullfrogs
  2 scorpions
  Dowan (D:7)
  5 wights (D:9)
  4 howler monkeys
  7 hounds
  4 orc priests
  A gnoll bouda (D:5)
  8 jellies
  A sleepcap (D:5)
  5 iguanas
  6 orc wizards
  16 gnolls
  2 adders
  A white imp (D:8)
  3 ufetubi
  A worm (D:3)
  3 dart slugs
  67 orcs
  6 bats
  17 endoplasms
  7 giant cockroaches
  7 goblins
  7 hobgoblins
  4 jackals (D:1)
  5 quokkas
  5 ball pythons
  A frilled lizard (D:1)
  22 kobolds
  A rat (D:3)
262 creatures vanquished.

Vanquished Creatures (others)
  A boggart (D:8)
1 creature vanquished.

Grand Total: 263 creatures vanquished

Notes
Turn   | Place    | Note
-------+----------+-------------------------------------------
     0 | D:1      | olmar the Armataur Fighter began the quest for the Orb.
     0 | D:1      | Reached XP level 1. HP: 19/19 MP: 1/1
   158 | D:1      | Reached skill level 2 in Maces & Flails
   162 | D:1      | Reached XP level 2. HP: 17/26 MP: 2/2
   585 | D:2      | Reached XP level 3. HP: 33/33 MP: 3/3
   602 | D:2      | Found a sparkling altar of Nemelex Xobeh.
   896 | D:2      | Found a faded altar of an unknown god.
  1411 | D:3      | Reached XP level 4. HP: 28/40 MP: 4/4
  1635 | D:3      | Reached skill level 3 in Maces & Flails
  1637 | D:3      | Reached XP level 5. HP: 16/48 MP: 5/5
  1820 | D:3      | Found a broken altar of Ashenzari.
  1892 | D:3      | Found an ancient bone altar of Kikubaaqudgha.
  2097 | D:3      | Found a hazy altar of Hepliaklqana.
  2201 | D:4      | Noticed a phantom
  2227 | D:4      | Killed a phantom
  2228 | D:4      | Reached skill level 4 in Maces & Flails
  2231 | D:4      | Reached XP level 6. HP: 39/55 MP: 6/6
  2336 | D:4      | Found an ornate altar of the Wu Jian Council.
  2412 | D:4      | Found a shadowy altar of Dithmenos.
  2426 | D:4      | Noticed bobo's ghost (amateur MfIE)
  2427 | D:4      | Found a transporter.
  2427 | D:4      | Noticed a sky beast
  2428 | D:4      | Noticed a sky beast
  2647 | D:4      | Reached skill level 5 in Armour
  2652 | D:4      | Reached skill level 5 in Maces & Flails
  2693 | D:4      | Found a transporter.
  2911 | D:4      | Reached XP level 7. HP: 52/63 MP: 7/7
  2993 | D:5      | Entered Level 5 of the Dungeon
  3057 | D:5      | Identified the +0 short sword "Bovan" {freeze, Drain MP+9
                  | Dex+5}
  3061 | D:5      | Found a staircase to the Ecumenical Temple.
  3536 | Temple   | Entered the Ecumenical Temple
  4250 | D:6      | Reached skill level 6 in Maces & Flails
  4324 | D:6      | Reached XP level 8. HP: 11/71 MP: 8/8
  4551 | D:6      | Noticed an oklob plant
  4928 | D:6      | Reached skill level 5 in Fighting
  5233 | D:6      | Reached skill level 7 in Maces & Flails
  5712 | D:7      | Found a shimmering blue altar of Sif Muna.
  5936 | D:7      | Reached skill level 5 in Shields
  6190 | D:7      | Found an iron altar of Okawaru.
  6358 | D:7      | Reached XP level 9. HP: 74/79 MP: 9/9
  6436 | D:7      | Noticed Prince Ribbit
  6450 | D:7      | Killed Prince Ribbit
  6499 | D:7      | Noticed Maggie
  6511 | D:7      | Killed Maggie
  6512 | D:7      | Reached skill level 8 in Maces & Flails
  6685 | D:7      | Noticed Dowan
  6687 | D:7      | Noticed Duvessa
  6691 | D:7      | Killed Duvessa
  6702 | D:7      | Killed Dowan
  7426 | D:8      | Found a stormy altar of Qazlal.
  7522 | D:8      | Reached skill level 9 in Maces & Flails
  7634 | D:8      | Got Hevefarch's Directory of Hypothermia
  7904 | D:8      | Found a staircase to the Lair.
  7963 | D:8      | Noticed a troll
  8233 | D:8      | Reached XP level 10. HP: 73/89 MP: 10/10
  8458 | D:8      | HP: 1/89 [electric eel/bolt of electricity (6)]
  9430 | D:8      | Noticed a two-headed ogre
  9430 | D:8      | Noticed a two-headed ogre
  9459 | D:8      | Upgraded the game from 0.31-a0-455-g1a7b003ef0 to
                  | 0.31-a0-460-g9e667d4245
  9459 | D:8      | Upgraded the game from 0.31-a0-460-g9e667d4245 to
                  | 0.31-a0-466-g98c9adc2b6
  9518 | D:8      | Noticed a two-headed ogre
  9531 | D:8      | Killed a two-headed ogre
  9786 | D:9      | Found a blossoming altar of Fedhas.
  9888 | D:9      | Reached skill level 10 in Maces & Flails
 10099 | D:9      | Found a bloodstained altar of Trog.
 10661 | D:9      | Found an opulent altar of Gozag.
 10661 | D:9      | Found a basalt altar of Yredelemnul.
 10793 | D:9      | Reached skill level 11 in Maces & Flails
 10849 | D:9      | Became a worshipper of Gozag Ym Sagoz the Greedy
 11037 | D:10     | Entered Level 10 of the Dungeon
 11144 | D:10     | Noticed a two-headed ogre
 11144 | D:10     | Noticed a gargoyle
 11178 | D:10     | Killed a two-headed ogre
 11184 | D:10     | Killed a gargoyle
 11185 | D:10     | Reached XP level 11. HP: 34/100 MP: 11/11
 11383 | D:10     | Noticed Fannar
 11410 | D:10     | Killed from afar by Fannar

Illustrated notes

Levels and vault maps discovered:
D:1:      dpeg_arrival_rooms_a, layout_basic
D:2:      layout_rooms, basic_altar, ebering_ecumenical_altar_mist
D:3:      layout_basic, worldfamousw_hep_ancestral_shrine,
          general_overflow_altar, lemuel_coloured_pillars_altar
D:4:      layout_basic, kennysheep_mini, grunt_dithmenos_smoke_and_mirrors,
          gammafunk_ghost_arena
D:5:      layout_cave_pools, minmay_temple_entry_sparse_star,
          minmay_misc_feat_secret_circle, feat_on_display
D:6:      lemuel_slime, layout_basic
D:7:      layout_basic, mainiacjoe_overflow_alcove_4, okawaru_ov_weapons_minmay,
          nicolae_eternal_life, uniq_maggie, uniq_prince_ribbit1, uniq_duvessa
D:8:      layout_basic, overflow_temple_1_default, erik_lair_island,
          nicolae_two_hexagons, nicolae_phantomly_mirrored
D:9:      layout_roguey [special_room_orc], fedhas_ov_isle_minmay,
          lemuel_doored_altar, gammafunk_temple_overflow_wave,
          nicolae_twisty_statue_hallways
D:10:     layout_basic, minmay_misc_feat_ornament, uniq_fannar
Temple:   hellmonk_temple_flake

Skill      XL: |  1  2  3  4  5  6  7  8  9 10 |
---------------+-------------------------------+-----
Maces & Flails | 2 3 4 5 6 7 9 11 | 11.2
Armour         | 4 5 6 7 8 9 |  9.8
Fighting       | 3 4 5 6 7 |  7.8
Shields        | 4 5 6 |  6.6

Action                     |  1- 3 |  4- 6 |  7- 9 | 10-12 || total
---------------------------+-------+-------+-------+-------++-------
  Melee: Flail             |   120 |   126 |     2 |       ||   248
         Tailslap          |    14 |    15 |    55 |    27 ||   111
         Whip              |       |       |   293 |       ||   293
         Morningstar       |       |       |   143 |   193 ||   336
  Throw: Dart              |       |       |    11 |     2 ||    13
         Boomerang         |       |       |     2 |       ||     2
    Use: Scroll            |     1 |     4 |     4 |     4 ||    13
         Potion            |       |     2 |     3 |     4 ||     9
 Armour: Scale mail        |    60 |       |       |       ||    60
         Ring mail         |     3 |    37 |   147 |    66 ||   253
  Dodge: Dodged            |    49 |    37 |   141 |    51 ||   278
  Block: Buckler           |    20 |    17 |    83 |    32 ||   152

Table legend: (Time is in decaauts)
 A = Elapsed time spent in this place.
 B = Non-inter-level travel time spent in this place.
 C = Inter-level travel time spent in this place.
 D = Time resting spent in this place.
 E = Time spent auto-exploring this place.
 F = Levels seen in this place.
 G = Mean time per level.
                   A        B        C        D        E       F      G
               +--------+--------+--------+--------+--------+-----+--------+
         Total |  11448 |  11111 |    337 |   3894 |   5196 |  11 | 1040.7 |
       Dungeon |  11361 |  11024 |    337 |   3809 |   5196 |  10 | 1136.1 |
        Temple |     86 |     86 |      0 |     85 |      0 |   1 |   86.0 |
               +--------+--------+--------+--------+--------+-----+--------+

Top non-repeatable levels by time:
     D:8: 1900 daAuts
     D:9: 1723 daAuts
     D:7: 1603 daAuts
     D:6: 1413 daAuts
     D:5: 1231 daAuts
     D:3: 1159 daAuts
     D:4: 928 daAuts
     D:1: 589 daAuts
     D:2: 439 daAuts
    D:10: 372 daAuts
  Temple: 86 daAuts
